 Dungeon Crawl Stone Soup version 0.31.0-32-g396128a36d (webtiles) character file.

Game seed: 1737200224030410587

62 spaghetti the Caller (level 4, 0/36 HPs)
             Began as a Naga Summoner on Mar 9, 2024.
             Succumbed to an adder's poison
             ... on level 2 of the Dungeon.
             The game lasted 00:02:39 (1455 turns).

spaghetti the Caller (Naga Summoner)                Turns: 1455, Time: 00:02:40

Health: 0/36       AC:  2    Str: 10    XL:     4   Next: 8%
Magic:  7/7        EV: 10    Int: 17    God:
Gold:   20         SH:  0    Dex: 12    Spells: 2/8 levels left

rFire   . . .        (no weapon)
rCold   . . .        (no shield)
rNeg    . . .        a - +0 robe
rPois   +            (no helmet)
rElec   .            (no cloak)
rCorr   .            (no gloves)
SInv    +            (no barding)
Will    .....        c - amulet of magic regeneration
Stlth   ++           (no ring)
HPRegen 0.26/turn    (no ring)
MPRegen 0.50/turn

%: no passive effects
@: lethally poisoned (0 -> -1), inugami summoned, very slow
A: AC +1, large, see invisible, deformed body, poison resistance, slowness 2,
spit poison 1, naga tail 1
a: Spit Poison


You were on level 2 of the Dungeon.
You visited 1 branch of the dungeon, and saw 2 of its levels.

You collected 20 gold pieces.

Inventory:

Armour
 a - a +0 robe (worn)
Jewellery
 c - an amulet of magic regeneration (around neck)
Potions
 b - a potion of magic


   Skills:
 - Level 1.5 Dodging
 - Level 3.0 Stealth
 + Level 2.6 Spellcasting
 + Level 5.2 Summonings


You had 2 spell levels left.
You knew the following spells:

 Your Spells              Type           Power      Damage    Failure   Level
a - Summon Small Mammal   Summ           76%        N/A       2%          1
b - Call Imp              Summ           38%        N/A       3%          2
c - Call Canine Familiar  Summ           19%        N/A       6%          3

Your spell library contained the following spells:

 Spells                   Type           Power      Damage    Failure   Level
 Static Discharge         Conj/Air       4%         3-4/arc   28%         2
 Summon Ice Beast         Ice/Summ       11%        N/A       19%         3
 Hailstorm                Conj/Ice       2%         3d5       50%         3
 Summon Blazeheart Golem  Fire/Summ      11%        N/A       52%         4
 Summon Lightning Spire   Summ/Air       11%        N/A       52%         4
 Airstrike                Air            1%         2d(1-17)  88%         4
 Sculpt Simulacrum        Ice/Alch       1%         N/A       100%        6


Dungeon Overview and Level Annotations

Branches:
Dungeon (2/15)

Altars:

Shops:
D:1 *

Annotations:
D:1 Natasha


Innate Abilities, Weirdness & Mutations

Your serpentine skin is tough. (AC +1)
You have supernaturally acute eyesight. (SInv)
Armour fits poorly on your strangely shaped body.
Your system is resistant to poisons. (rPois)
You cover ground very slowly.
You can spit poison.
You have a snake-like lower body.


Message History

You barely miss the adder.
The adder is almost dead.
The bat misses your cerulean imp.
The bat barely misses your cerulean imp.
The adder bites you but does no damage.
Your inugami closely misses the adder.
The bat hits your cerulean imp. The goblin hits you with a +0 dagger.
Your cerulean imp hits the bat with a -3 spear.
The bat dies!
The adder bites you.
You are poisoned.
The adder poisons you!
Your rat closely misses the adder.
You barely miss the adder.
The adder is almost dead.
You feel sick.
Your inugami closely misses the adder.
The goblin hits you with a +0 dagger.
* * * LOW HITPOINT WARNING * * *
The adder bites you.
* * * LOW HITPOINT WARNING * * *
Your cerulean imp barely misses the adder.
Your rat bites the adder.
The adder dies!
You have reached level 4!
You feel agile.
Okay, then.
You swap places.
* * * LOW HITPOINT WARNING * * *
You feel sick.
The goblin hits your rat with a +0 dagger.
Your rat dies!
Your rat's corpse disappears in a puff of smoke!
Your cerulean imp hits the goblin from afar with a -3 spear.
Your rat misses the goblin.
Your inugami closely misses the goblin.
Unknown command.
You are lethally poisoned (1 -> 0).
Your inugami has been summoned.
Your movement speed is very slow.
Your attack delay is about 1.0.
Your damage rating with unarmed combat is about 3 (Base [3 + 0 (UC)] x 100% (Str) x 100% (Fight)).
Unknown command.
Okay, then.
You aren't carrying any items that you can evoke.
You die...

##..###.###..########.#
###.....................#
#.....##...#..#########.#
#................# #.#
#....###...#..##.######.#
##.†.# ##.##.†##........#
#...# #.##..#########.#
#...# #.....# #.# #...##
####@.# #.# #<...# #..#
#.# #..#.######§.# ..#
#.........gh5# ###
####......r#†#
#..###.#..# #..# .###..
#..... .... ##.## #.##


You could see a goblin (ally target), a friendly cerulean imp (summoned), a
friendly inugami (summoned) and a friendly rat (summoned).

Vanquished Creatures
  An adder (D:2)
  A ball python (D:1)
  2 endoplasms (D:1)
  A goblin (D:1)
  A hobgoblin (D:1)
  3 bats
  A rat (D:2)
10 creatures vanquished.

Vanquished Creatures (collateral kills)
  2 adders (D:2)
  4 bats
  3 goblins
  4 hobgoblins
  3 jackals (D:2)
  3 kobolds
  A ball python (D:1)
  A frilled lizard (D:1)
  A rat (D:1)
22 creatures vanquished.

Grand Total: 32 creatures vanquished

Notes
Turn   | Place    | Note
-------+----------+-------------------------------------------
     0 | D:1      | spaghetti the Naga Summoner began the quest for the Orb.
     0 | D:1      | Reached XP level 1. HP: 15/15 MP: 3/3
   230 | D:1      | Reached XP level 2. HP: 9/22 MP: 1/5
   236 | D:1      | Learned a level 2 spell: Call Imp
   686 | D:1      | Found Wexehem's Assorted Antiques.
  1101 | D:2      | Noticed Natasha
  1216 | D:2      | Reached XP level 3. HP: 24/28 MP: 6/6
  1220 | D:2      | Learned a level 3 spell: Call Canine Familiar
  1283 | D:2      | Reached skill level 5 in Summonings
  1454 | D:2      | Reached XP level 4. HP: 2/36 MP: 7/7
  1454 | D:2      | HP: 1/36 [poisoned by an adder]
  1455 | D:2      | Succumbed to an adder's poison

Illustrated notes

Levels and vault maps discovered:
D:1:      saegor_arrival_simple_d, layout_basic, serial_shops, shop
D:2:      layout_loops_ring, uniq_robin, uniq_natasha

Skill      XL: |  1  2  3 |
---------------+----------+-----
Summonings     | 5 |  5.2
Dodging        | |  1.5
Stealth        | |  3.0
Spellcasting   | |  2.6

Action                     |  1- 3 |  4- 6 || total
---------------------------+-------+-------++-------
  Melee: Unarmed           |    65 |       ||    65
   Cast: Summon Small Mamm |    27 |       ||    27
         Call Imp          |    13 |       ||    13
         Call Canine Famil |     2 |       ||     2
Ability: Spit Poison       |     4 |       ||     4
    Use: Scroll            |     3 |       ||     3
   Stab: Distracted        |     1 |       ||     1
         Sleeping          |     3 |       ||     3
 Armour: Robe              |    86 |       ||    86
  Dodge: Dodged            |    51 |       ||    51
